 Dungeon Crawl Stone Soup version 0.32-a0-875-g23b751d0ae (webtiles) character file.

Game seed: 10284046930243400563

19483 jdvbjdbfj the Fighter (level 12, -1/84 (99) HPs)
             Began as a Minotaur Fighter on Mar 31, 2024.
             Was the Champion of Okawaru.
             Killed by divine providence
             ... invoked by a sphinx
              (13 damage)
             ... on level 12 of the Dungeon.
             The game lasted 00:24:50 (10911 turns).

jdvbjdbfj the Fighter (Minotaur Fighter)           Turns: 10911, Time: 00:24:50

HP:   -1/84 (99)    AC: 27    Str: 25    XL:     12   Next: 36%
MP:   8/9           EV: 12    Int: 14    God:    Okawaru [******]
Gold: 291           SH: 16    Dex: 11    Spells: 11/11 levels left

rFire   . . .        b - +6 broad axe
rCold   + . .        o - +0 kite shield
rNeg    . . .        p - +7 Kryia's mail coat {PotionHeal*2 rC+}
rPois   .            s - +2 hat
rElec   +            q - +1 cloak
rCorr   +            l - +3 pair of gloves of Grace {Int+3 SInv}
SInv    +            j - +1 pair of boots of Charmed Fun {rElec}
Will    .....        w - amulet of reflection Stlth
                     d - +6 ring of intelligence
HPRegen 0.34/turn    u - ring of resist corrosion
MPRegen 0.11/turn

%: reflection
@: about to teleport, heavily drained
A: horns 2, retaliatory headbutt, frail 1, low MP 1, wild magic 1
a: Renounce Religion, Heroism, Finesse, Duel


You were on level 12 of the Dungeon.
You worshipped Okawaru.
Okawaru was exalted by your worship.
You visited 2 branches of the dungeon, and saw 13 of its levels.
You also visited: Bailey.

You collected 2717 gold pieces.
You spent 2426 gold pieces at shops.

Inventory:

Hand Weapons
 a - a +0 war axe
 b - a +6 broad axe (weapon)
 H - a +2 broad axe of freezing
Missiles
 t - 5 throwing nets (quivered)
Armour
 j - the +1 pair of boots of Charmed Fun (worn) {rElec}
   (You bought it in a shop on level 4 of the Dungeon)

   rElec:     It insulates you from electricity.
 l - the +3 pair of gloves of Grace (worn) {Int+3 SInv}
   (You bought it in a shop on level 5 of the Dungeon)

   Int+3:     It affects your intelligence (+3).
   SInv:      It lets you see invisible.
 o - a +0 kite shield (worn)
 p - the +7 Kryia's mail coat (worn) {PotionHeal*2 rC+}
   (You found it on level 3 of the Dungeon)

   PotionHeal*2: Potions heal its wearer twice as much.
   rC+:       It protects you from cold.
 q - a +1 cloak (worn)
 s - a +2 hat (worn)
 I - the +4 plate armour of Philately {rN+}
   (Okawaru gifted it to you on level 12 of the Dungeon)

   rN+:       It protects you from negative energy.
Jewellery
 d - a +6 ring of intelligence (left hand)
 e - an amulet of the acrobat
 f - an amulet of guardian spirit
 u - a ring of resist corrosion (right hand)
 w - an amulet of reflection (around neck)
 G - a ring of protection from fire
Wands
 r - a wand of mindburst (23)
 D - a wand of flame (23)
Scrolls
 c - 3 scrolls of fog
 g - 6 scrolls of teleportation
 x - 3 scrolls of blinking
 E - a scroll of immolation
 F - a scroll of identify
Potions
 h - 2 potions of ambrosia
 i - 8 potions of curing
 k - 2 potions of heal wounds
 m - 2 potions of berserk rage
 n - 2 potions of enlightenment
 v - 2 potions of attraction
 z - 2 potions of haste
 A - 3 potions of lignification
 B - 6 potions of might
 C - 2 potions of cancellation
Miscellaneous
 y - a lightning rod (3/4)


   Skills:
 + Level 11.7 Fighting
 + Level 11.4 Axes
 + Level 11.7 Armour
 + Level 10.2 Dodging
 + Level 11.7 Shields


You had 11 spell levels left.
You didn't know any spells.
Your spell library contained the following spells:

 Spells                   Type           Power      Damage    Failure   Level
 Necrotise                Necr           0%         1d4       75%         1
 Slow                     Hex            0%         N/A       75%         1
 Sting                    Conj/Alch      0%         1d3       75%         1
 Mercury Vapours          Alch/Air       0%         N/A       86%         2
 Confusing Touch          Hex            0%         N/A       97%         3
 Frozen Ramparts          Ice            0%         1d1       97%         3
 Hailstorm                Conj/Ice       0%         3d5       97%         3
 Ozocubu's Armour         Ice            0%         N/A       97%         3
 Sigil of Binding         Hex            0%         N/A       97%         3
 Vampiric Draining        Necr           0%         2d6       97%         3
 Volatile Blastmotes      Fire/Tloc      0%         2d10      97%         3
 Fulminant Prism          Conj/Alch      0%         3d5       100%        4
 Iskenderun's Mystic Bla Conj/Tloc 0%             2d3        (+2d1     100%        4
 Olgreb's Toxic Radiance  Alch           0%         N/A       100%        4
 Curse of Agony           Necr           0%         N/A       100%        5
 Metabolic Englaciation   Hex/Ice        0%         N/A       100%        5
 Permafrost Eruption      Ice/Erth       0%         2x4d1     100%        6
 Summon Ice Beast         Ice/Summ       Unusable   N/A       N/A         3
 Martyr's Knell           Necr/Summ      Unusable   N/A       N/A         4
 Death Channel            Necr           Unusable   N/A       N/A         6
 Sculpt Simulacrum        Ice/Alch       Unusable   N/A       N/A         6

Dungeon Overview and Level Annotations

Branches:
Dungeon (12/15)            Temple (1/1) D:4            Lair (0/5) D:11
 Bailey (visited)
    Orc: D:9-12

Altars:
Ashenzari
Cheibriados
Dithmenos
Elyvilon
Fedhas
Gozag
Hepliaklqana
Kikubaaqudgha
Makhleb
Nemelex Xobeh
Okawaru
Qazlal
Ru
Sif Muna
Trog
Uskayaw
Vehumet
Wu Jian
Xom
Yredelemnul
Zin
The Shining One

Shops:
D:4 ?[[   D:5 [   D:10 !(*:


Innate Abilities, Weirdness & Mutations

You have a pair of horns on your head.
You reflexively headbutt those who attack you in melee.
You are frail. (-10% HP)
Your magical capacity is low. (-10% MP)
Your spells are a little harder to cast, but a little more powerful.


Message History

The tengu reaver claws you but does no damage.
You closely miss the tengu reaver.
The tengu reaver is heavily wounded.
The tengu reaver hits you with a +1 great mace of draining.
You feel drained. The tengu reaver pecks you.
The tengu reaver closely misses you.
You hit the tengu reaver. Your headbutt misses the tengu reaver.
The tengu reaver is heavily wounded.
The tengu reaver casts a spell at you. The bolt of poison hits you!!
You are poisoned.
* * * LOW HITPOINT WARNING * * *
The +7 Kryia's mail coat enhances the healing.
You feel better.
The tengu reaver hits you but does no damage.
You feel drained.
The tengu reaver pecks you but does no damage.
You block the tengu reaver's attack.
As you read the scroll of teleportation, it crumbles to dust.
You feel strangely unstable.
You feel like a meek peon again.
You block the tengu reaver's attack. x2; The tengu reaver claws you.
Aiming: Thunderbolt
Press: ? - help, Shift-Dir - straight line, f - sphinx
Aim: a sphinx The thunderbolt hits the sphinx!!
The sphinx is moderately wounded.
The thunderbolt hits the ettin!
The ettin is moderately wounded.
The thunderbolt hits the tengu reaver!
The tengu reaver is severely wounded.
The tengu reaver hits you with a +1 great mace of draining!
* * * LOW HITPOINT WARNING * * *
You feel drained.
* * * LOW HITPOINT WARNING * * *
You block the tengu reaver's attack. The tengu reaver claws you.
* * * LOW HITPOINT WARNING * * *
The sphinx casts a spell.
Something smites you!
You die...

#.....#.........##...
#.....#.........##...
#...#.#.........##...
+...#.#........!##...
#...#.#..)......##...
#########)###'#####.#
######...#...#......#.#
#..HCQ...#...#......#..
#@..#...#...#..#..
#..##...#......###
#..##..#####.....#
#######.###..#...#.....#
#......##)#..#...'.....#
#.....##..'.##...#.....#
#...###...#.##...#######
##'#####)####...........
#.........##............


You could see a sphinx, a tengu reaver (repels missiles) and an ettin.

Vanquished Creatures
  An orc warlord (Bailey)
  Harold (D:11)
  3 centaur warriors (D:12)
  3 two-headed ogres (D:11)
  Sonja (D:11)
  A fire crab (D:11)
  A skeletal warrior (D:12)
  Pikel (D:5)
  A deep elf pyromancer (D:12)
  2 ugly things (D:11)
  2 cyclopes (D:11)
  3 manticores (D:11)
  Joseph (D:7)
  A gargoyle (D:11)
  2 unseen horrors
  A freezing wraith (D:10)
  2 trolls
  A hornet (D:12)
  A shadow (D:11)
  A wraith (D:9)
  Eustachio (D:5)
  8 yaks
  2 vampires
  3 wyverns
  3 vampire mosquitoes (D:10)
  2 steam dragons
  An acid dragon (D:12)
  3 water moccasins
  7 orc warriors
  An ice beast (D:7)
  2 black bears
  5 ogres
  A lemure (D:5)
  4 centaurs
  A phantom (D:5)
  3 kobold brigands
  2 bullfrogs
  3 gnoll sergeants
  3 wights (D:7)
  5 killer bees
  2 howler monkeys
  4 hounds
  5 orc priests
  5 jellies
  Crazy Yiuf (D:5)
  3 bombardier beetles
  A gnoll bouda (D:5)
  A sleepcap (D:5)
  3 iguanas
  4 orc wizards
  Robin (D:4)
  13 gnolls
  6 adders
  2 shadow imps
  2 white imps (D:6)
  4 ufetubi
  2 dart slugs
  6 ribbon worms
  34 orcs
  5 ball pythons
  5 endoplasms
  2 giant cockroaches (D:2)
  9 goblins
  12 hobgoblins
  6 quokkas
  A bat (D:1)
  4 frilled lizards
  25 kobolds
  7 rats
265 creatures vanquished.

Notes
Turn   | Place    | Note
-------+----------+-------------------------------------------
     0 | D:1      | jdvbjdbfj the Minotaur Fighter began the quest for the Orb.
     0 | D:1      | Reached XP level 1. HP: 19/19 MP: 0/0
   146 | D:1      | Reached XP level 2. HP: 9/27 MP: 1/1
   230 | D:1      | Reached skill level 1 in Dodging
   434 | D:1      | Found a faded altar of an unknown god.
   772 | D:2      | Reached XP level 3. HP: 32/33 MP: 2/2
   893 | D:2      | Identified a scroll of acquirement
   893 | D:2      | Acquired 1212 gold pieces
  1258 | D:2      | Reached XP level 4. HP: 39/40 MP: 3/3
  1504 | D:3      | Found an opulent altar of Gozag.
  1722 | D:3      | Found the +7 Kryia's mail coat {PotionHeal*2 rC+}
  1946 | D:3      | Reached XP level 5. HP: 45/47 MP: 4/4
  2291 | D:4      | Found a staircase to the Ecumenical Temple.
  2300 | Temple   | Entered the Ecumenical Temple
  2317 | Temple   | Became a worshipper of Warmaster Okawaru
  2345 | D:4      | Found a blossoming altar of Fedhas.
  2531 | D:4      | Identified the +1 helmet of Feprecs {SInv}
  2531 | D:4      | Noticed Robin
  2547 | D:4      | Killed Robin
  2612 | D:4      | Found Sostob's Armour Boutique.
  2615 | D:4      | Found Byqy's Antique Armour Shop.
  2617 | D:4      | Found Peoheq's Magic Scroll Shoppe.
  2625 | D:4      | Bought a scroll of identify for 24 gold pieces
  2625 | D:4      | Bought a scroll of identify for 24 gold pieces
  2625 | D:4      | Bought a scroll of teleportation for 36 gold pieces
  2625 | D:4      | Bought a scroll of fog for 48 gold pieces
  2625 | D:4      | Bought a scroll of teleportation for 36 gold pieces
  2625 | D:4      | Bought a scroll of teleportation for 36 gold pieces
  2625 | D:4      | Bought a scroll of blinking for 90 gold pieces
  2625 | D:4      | Bought a scroll of fog for 48 gold pieces
  2661 | D:4      | Bought a pair of heavily runed boots for 247 gold pieces
  2661 | D:4      | Identified the +1 pair of boots of Charmed Fun {rElec} (You
                  | bought it in a shop on level 4 of the Dungeon)
  2661 | D:4      | Bought an embroidered hat for 182 gold pieces
  3021 | D:4      | Gained mutation: You are frail. (-10% HP) [potion of
                  | mutation]
  3021 | D:4      | Gained mutation: Your magical capacity is low. (-10% MP)
                  | [potion of mutation]
  3021 | D:4      | Gained mutation: Your spells are a little harder to cast,
                  | but a little more powerful. [potion of mutation]
  3057 | D:4      | Noticed an ogre
  3067 | D:4      | Killed an ogre
  3067 | D:4      | Reached * piety under Okawaru
  3068 | D:4      | Reached skill level 5 in Fighting
  3068 | D:4      | Reached skill level 5 in Armour
  3068 | D:4      | Reached skill level 5 in Shields
  3068 | D:4      | Reached XP level 6. HP: 20/50 MP: 2/4
  3496 | D:5      | Entered Level 5 of the Dungeon
  3701 | D:5      | Found Neess's Armour Boutique.
  3711 | D:5      | Bought the +3 pair of gloves of Grace {Int+3 SInv} for 518
                  | gold pieces
  3760 | D:5      | Noticed Eustachio
  3809 | D:5      | Killed Eustachio
  3810 | D:5      | Reached XP level 7. HP: 54/54 MP: 5/5
  3848 | D:5      | Reached ** piety under Okawaru
  3964 | D:5      | Reached skill level 5 in Axes
  4107 | D:5      | Noticed a wyvern
  4114 | D:5      | Killed a wyvern
  4115 | D:5      | Reached XP level 8. HP: 54/63 MP: 4/6
  4221 | D:5      | Noticed Pikel
  4247 | D:5      | Killed Pikel
  4247 | D:5      | Reached *** piety under Okawaru
  4248 | D:5      | Reached skill level 5 in Dodging
  4583 | D:5      | Found a runed translucent door.
  4584 | D:5      | Noticed Crazy Yiuf
  4589 | D:5      | Killed Crazy Yiuf
  4768 | D:6      | Reached XP level 9. HP: 56/71 MP: 7/7
  5125 | D:6      | Reached **** piety under Okawaru
  5539 | D:7      | Found a flagged portal.
  5550 | Bailey   | Entered a bailey
  5578 | Bailey   | Noticed an orc warlord
  5685 | Bailey   | Found a runed translucent gate.
  5701 | Bailey   | Found a runed translucent gate.
  5702 | Bailey   | Found a runed translucent gate.
  5899 | Bailey   | Killed an orc warlord
  5900 | Bailey   | Reached XP level 10. HP: 81/81 MP: 5/8
  5930 | Bailey   | Acquired 750 gold pieces
  6055 | D:7      | Reached ***** piety under Okawaru
  6095 | D:7      | Noticed Joseph
  6119 | D:7      | Killed Joseph
  6119 | D:7      | Received a gift from Okawaru
  7501 | D:9      | You fall into a shaft and drop 3 floors!
  7599 | D:11     | Noticed a red ugly thing
  7601 | D:11     | Noticed a two-headed ogre
  7621 | D:11     | Killed a red ugly thing
  7624 | D:11     | Killed a two-headed ogre
  7866 | D:10     | Entered Level 10 of the Dungeon
  7872 | D:10     | Found Rass's Assorted Antiques.
  8061 | D:10     | Bought a scroll labelled BETERESSIE for 37 gold pieces
  8061 | D:10     | Bought a scroll of blinking for 277 gold pieces
  8061 | D:10     | Bought a scroll labelled FAETHI VEOM for 37 gold pieces
  8061 | D:10     | Bought a potion of curing for 111 gold pieces
  8076 | D:10     | Found a burning altar of Makhleb.
  8076 | D:10     | Found a shadowy altar of Dithmenos.
  8079 | D:10     | Found a white marble altar of Elyvilon.
  8100 | D:10     | Found Qodgh's Antique Weapon Shop.
  8281 | D:9      | Found a shimmering altar of Xom.
  8283 | D:9      | Found a hazy altar of Hepliaklqana.
  8366 | D:9      | Reached XP level 11. HP: 80/89 MP: 8/8
  8407 | D:9      | Found a snail-covered altar of Cheibriados.
  8666 | D:9      | Reached skill level 10 in Armour
  8791 | D:10     | Reached skill level 10 in Fighting
  8791 | D:10     | Reached skill level 10 in Shields
  8815 | D:10     | Found Utoh's Tiny Tomes.
  8957 | D:10     | Found Jiongoq's Distillery.
  8978 | D:10     | Bought a potion of might for 60 gold pieces
  8978 | D:10     | Bought 2 potions of might for 120 gold pieces
  8978 | D:10     | Bought a potion of might for 60 gold pieces
  8978 | D:10     | Bought 2 potions of curing for 90 gold pieces
  8978 | D:10     | Bought a potion of curing for 45 gold pieces
  8978 | D:10     | Bought a potion of heal wounds for 75 gold pieces
  8978 | D:10     | Bought a potion of haste for 150 gold pieces
  8978 | D:10     | Bought a potion of enlightenment for 75 gold pieces
  9084 | D:10     | Received a gift from Okawaru
  9346 | D:11     | Noticed a white ugly thing
  9363 | D:11     | Killed a white ugly thing
  9364 | D:11     | Reached skill level 10 in Axes
  9563 | D:11     | Found a staircase to the Lair.
  9563 | D:11     | Noticed a fire crab
  9581 | D:11     | Killed a fire crab
  9683 | D:11     | Noticed a two-headed ogre
  9691 | D:11     | Killed a two-headed ogre
  9726 | D:11     | Noticed Sonja
  9734 | D:11     | Killed Sonja
  9734 | D:11     | Reached ****** piety under Okawaru
  9734 | D:11     | Received a gift from Okawaru
 10165 | D:11     | Noticed a two-headed ogre
 10176 | D:11     | Killed a two-headed ogre
 10177 | D:11     | Reached XP level 12. HP: 95/99 MP: 9/9
 10197 | D:11     | Noticed Harold
 10217 | D:11     | Killed Harold
 10217 | D:11     | Received a gift from Okawaru
 10456 | D:12     | Noticed a centaur warrior
 10456 | D:12     | Noticed a centaur warrior
 10458 | D:12     | Acquired a +2 broad axe of freezing
 10458 | D:12     | Received a gift from Okawaru
 10461 | D:12     | Acquired the +4 plate armour of Philately {rN+}
 10461 | D:12     | Received a gift from Okawaru
 10466 | D:12     | Killed a centaur warrior
 10474 | D:12     | Killed a centaur warrior
 10475 | D:12     | Reached skill level 10 in Dodging
 10703 | D:12     | Noticed a centaur warrior
 10704 | D:12     | Paralysed by a hornet for 2 turns
 10710 | D:12     | Killed a centaur warrior
 10898 | D:12     | Noticed a sphinx
 10898 | D:12     | Noticed an ettin
 10898 | D:12     | Noticed a tengu reaver
 10911 | D:12     | Killed from afar by a sphinx

Illustrated notes

Levels and vault maps discovered:
D:1:      eino_arrival_cavern_a, layout_basic,
          hellmonk_ecumenical_altar_zigzags, nicolae_grassy_gnolls
D:2:      layout_loops_ring
D:3:      minmay_razor_zed, layout_basic, mainiacjoe_overflow_six_doors_small
D:4:      layout_loops_corners, fedhas_altar_2, minmay_temple_entry_water_ring,
          nicolae_wooded_promenade, grunt_decor_clamped,
          minmay_misc_feat_encased, uniq_robin
D:5:      layout_basic, serial_bayou, serial_bayou_shore_b,
          serial_bayou_crossing, serial_bayou_pond_b, serial_bayou_shore_b,
          serial_shops, shop, st_stairs_6, nicolae_wormholes,
          uniq_crazy_yiuf_cottage, uniq_eustachio, uniq_pikel
D:6:      layout_rooms
D:7:      layout_cave_pools, enter_bailey_6, uniq_joseph
D:8:      layout_gridville, kennysheep_boxes
D:9:      layout_cave_pools, regret_index_temple_of_mockery,
          mainiacjoe_overflow_catwalk, serial_column_ruins,
          column_ruins_columns_straight, column_ruins_open_small,
          column_ruins_corridor_T
D:10:     layout_cave_pools, chequers_temple_overflow_statue_of_worship,
          serial_shops, nicolae_shop_waterfront, nicolae_shop_crystal,
          nicolae_shop_trees, blue_anna_alchemist, st_stairs_1,
          minmay_misc_feat_cross, nicolae_shop_i_like_small_books_too
D:11:     layout_basic, minmay_lair_entry_lava, minmay_fountain_box,
          minmay_puff, uniq_harold, uniq_sonja
D:12:     minmay_sliced_demisemicircle, layout_stronghold, zombieorc2_lemuel,
          nicolae_trove_entry_diagonal
Temple:   nicolae_temple_ecumenical_triangle

Skill      XL: |  1  2  3  4  5  6  7  8  9 10 11 12 |
---------------+-------------------------------------+-----
Dodging        | 1 2 3 4 5 7 8 9 10 | 10.2
Armour         | 4 5 6 7 8 9 11 | 11.7
Fighting       | 4 5 6 7 8 9 11 | 11.7
Shields        | 4 5 6 7 8 9 11 | 11.7
Axes           | 3 4 5 6 8 9 10 11 | 11.4

Action                     |  1- 3 |  4- 6 |  7- 9 | 10-12 || total
---------------------------+-------+-------+-------+-------++-------
  Melee: War axe           |    64 |   167 |   232 |   414 ||   877
         Headbutt          |    11 |    28 |    49 |   102 ||   190
         Broad axe         |       |       |       |    30 ||    30
 Invoke: Heroism           |       |       |     1 |     1 ||     2
         Receive Weapon    |       |       |       |     1 ||     1
         Receive Armour    |       |       |       |     1 ||     1
  Evoke: Wand              |       |       |     5 |     5 ||    10
         Lightning rod     |       |       |       |     5 ||     5
    Use: Scroll            |     7 |     7 |     7 |     9 ||    30
         Potion            |       |     2 |     2 |     4 ||     8
   Stab: Distracted        |       |       |       |     1 ||     1
         Paralysed         |       |       |       |    10 ||    10
 Armour: Scale mail        |    37 |   145 |   127 |   280 ||   589
         Skin              |       |       |       |    28 ||    28
  Dodge: Dodged            |    28 |    82 |   109 |   170 ||   389
  Block: Buckler           |    10 |    12 |       |       ||    22
         Kite shield       |       |    74 |   146 |   428 ||   648
         Reflection        |       |       |     6 |    20 ||    26

Table legend: (Time is in decaauts)
 A = Elapsed time spent in this place.
 B = Non-inter-level travel time spent in this place.
 C = Inter-level travel time spent in this place.
 D = Time resting spent in this place.
 E = Time spent auto-exploring this place.
 F = Levels seen in this place.
 G = Mean time per level.
                   A        B        C        D        E       F      G
               +--------+--------+--------+--------+--------+-----+--------+
         Total |  11129 |  10798 |    331 |    442 |   7918 |  14 |  794.9 |
       Dungeon |  10701 |  10404 |    297 |    432 |   7721 |  12 |  891.8 |
        Temple |     34 |      1 |     33 |      0 |      0 |   1 |   34.0 |
        Bailey |    393 |    393 |      0 |     10 |    196 |   1 |  393.0 |
               +--------+--------+--------+--------+--------+-----+--------+

Top non-repeatable levels by time:
    D:11: 1353 daAuts
     D:4: 1321 daAuts
     D:5: 1074 daAuts
     D:8: 1004 daAuts
     D:3: 938 daAuts
    D:10: 815 daAuts
     D:1: 756 daAuts
     D:7: 753 daAuts
     D:6: 752 daAuts
     D:9: 682 daAuts
    D:12: 625 daAuts
     D:2: 623 daAuts
  Bailey: 393 daAuts
  Temple: 34 daAuts
